 Dungeon Crawl Stone Soup version 0.21.1-1-g345015f (webtiles) character file.

8985 Mgcat the Martial Artist (level 11, -2/83 HPs)
             Began as a Gnoll Transmuter on Mar 19, 2018.
             Was a Priest of Ashenzari.
             Slain by a yak (13 damage)
             ... on level 10 of the Dungeon.
             The game lasted 00:31:02 (9300 turns).

Mgcat the Martial Artist (Gnoll Transmuter)         Turns: 9300, Time: 00:31:03

Health: -2/83      AC:  2    Str: 12    XL:     11   Next: 39%
Magic:  19/23      EV: 32    Int: 19    God:    Ashenzari [***...]
Gold:   468        SH:  0    Dex: 21    Spells: 11/26 levels left

rFire    . . .     SeeInvis +     - Unarmed
rCold    . . .     Gourm    .   (shield currently unavailable)
rNeg     . . .     Faith    .   (armour currently unavailable)
rPois    x         Spirit   .   (helmet currently unavailable)
rElec    .         Reflect  .   (cloak currently unavailable)
rCorr    .         Harm     .   (gloves currently unavailable)
MR       .....                  (boots currently unavailable)
Stlth    ++++......             B - amulet of regeneration (curse) {+regen, !d}
HPRegen  0.63/turn              n - +1 ring of slaying
MPRegen  0.18/turn              u - +4 ring of evasion (curse)

@: spider-form, very slightly contaminated
A: tiny, distributed training, strong nose
a: End Transformation, Curse Item, Scrying, Renounce Religion


You were on level 10 of the Dungeon.
You worshipped Ashenzari.
Ashenzari was most pleased with you.
You were not hungry.
You were a venomous arachnid creature.
You visited 2 branches of the dungeon, and saw 11 of its levels.
You also visited: Sewer and Ossuary.

You collected 468 gold pieces.

Inventory:

Hand Weapons
 q - a cursed +3 vampiric dagger (melded) {!w}
   (You took it off a goblin on level 2 of the Dungeon)
Missiles
 a - 148 arrows
Armour
 e - a cursed +2 shield (melded)
   (You found it on level 7 of the Dungeon)
 o - a +0 pair of boots (melded)
   (You found it on level 2 of the Dungeon)
 p - a +0 helmet (melded)
   (You found it on level 2 of the Dungeon)
 H - a +1 pair of gloves (melded)
   (You found it on level 7 of the Dungeon)
 L - a +2 robe of magic resistance (melded)
   (You took it off Psyche on level 8 of the Dungeon)
Magical Staves
 P - an uncursed staff of power {MP+17, !a}
   (You found it on level 10 of the Dungeon)
Jewellery
 b - an uncursed ring of fire {rF+, rC-}
   (You found it on level 8 of the Dungeon)
 n - a +1 ring of slaying (left front leg)
   (You found it on level 2 of the Dungeon)
 u - a cursed +4 ring of evasion (right front leg)
   (You found it on level 3 of the Dungeon)
 B - a cursed amulet of regeneration (around neck) {+regen, !d}
   (You found it on level 4 of the Dungeon)
 I - an uncursed ring of flight {+Fly, !d}
   (You found it on level 6 of the Dungeon)
Wands
 k - a wand of polymorph (10)
   (You took it off Grinder on level 5 of the Dungeon)
 v - a wand of acid (25)
   (You found it on level 3 of the Dungeon)
 G - a wand of flame (28)
   (You found it on level 5 of the Dungeon)
 N - a wand of iceblast (6)
   (You found it on level 9 of the Dungeon)
Scrolls
 g - a scroll of teleportation
 s - a scroll of amnesia
 C - a scroll of silence
 E - 5 scrolls of identify
 K - a scroll of blinking {!r}
 M - a scroll of fog
Potions
 h - 4 potions of invisibility
 i - 3 potions of agility
 j - 3 potions of curing {unknown}
 l - 3 potions of resistance {unknown}
 m - 3 potions of lignification {!q}
 r - 2 potions of heal wounds
 t - 2 potions of magic {unknown}
 w - a potion of might {unknown}
 x - a potion of cancellation {unknown}
 z - 5 potions of brilliance {unknown}
 A - 4 potions of flight {unknown}
 D - a potion of ambrosia {unknown}
 F - a potion of haste
Books
 c - a book of Changes
 f - a book of Geomancy
   (You found it on level 4 of the Dungeon)
 y - a book of Air
   (You found it on level 5 of the Dungeon)
 O - a Young Poisoner's Handbook
   (You found it on level 9 of the Dungeon)
Comestibles
 d - 15 rations
 J - 10 chunks of flesh {@w0}


   Skills:
 + Level 6.7 Fighting
 + Level 6.1(9.1) Short Blades
 + Level 6.1 Long Blades
 + Level 6.1 Axes
 + Level 6.1 Maces & Flails
 + Level 6.1 Polearms
 + Level 6.1 Staves
 + Level 6.1 Slings
 + Level 6.1 Bows
 + Level 6.1 Crossbows
 + Level 6.1 Throwing
 + Level 6.1 Armour
 + Level 7.7 Dodging
 + Level 6.1 Stealth
 + Level 6.1(8.0) Shields
 + Level 9.1 Unarmed Combat
 + Level 8.0 Spellcasting
 + Level 5.1(6.9) Conjurations
 + Level 5.1(6.9) Hexes
 + Level 5.1(6.9) Charms
 + Level 5.1(6.9) Summonings
 + Level 5.1(6.9) Necromancy
 + Level 5.1(6.9) Translocations
 + Level 6.4(8.3) Transmutations
 + Level 5.1(6.9) Fire Magic
 + Level 5.1(6.9) Ice Magic
 + Level 5.1(6.9) Air Magic
 + Level 5.1(6.9) Earth Magic
 + Level 5.1(6.9) Poison Magic
 + Level 6.7 Invocations
 + Level 6.1(8.0) Evocations


You had 11 spell levels left.
You knew the following spells:

 Your Spells              Type           Power        Failure   Level  Hunger
a - Beastly Appendage     Tmut           #####.       2%          1    None
b - Sticks to Snakes      Tmut           #####...     3%          2    None
c - Spider Form           Tmut/Pois      #####.....   5%          3    None
d - Ice Form              Ice/Tmut       #####...     12%         4    ###....
e - Blade Hands           Tmut           #####.....   21%         5    #####..


Dungeon Overview and Level Annotations

Branches:
Dungeon (10/15)            Temple (1/1) D:4
   Lair: D:8-11         Orc: D:9-12

Altars:
Ashenzari
Dithmenos
Elyvilon
Fedhas
Gozag
Hepliaklqana
Kikubaaqudgha
Makhleb
Nemelex Xobeh
Okawaru
Qazlal
Ru
Sif Muna
Trog
Uskayaw
Vehumet
Wu Jian
Xom
Zin
The Shining One

Shops:
D:5 :


Innate Abilities, Weirdness & Mutations

Your experience applies equally to all skills.
((You have very sharp teeth.))
Your uncanny sense of smell can sniff out nearby items.


Message History

You swap places.
You butcher the orc corpse.
J - 5 chunks of flesh {@w0} (gained 2)
Things that are here:
a +0 vampiric short sword {!w}; an uncursed leather armour; an orc skeleton
Things that are here:
a +0 vampiric short sword {!w}; an uncursed leather armour; an orc skeleton
E - 5 scrolls of identify (gained 1)
Things that are here:
an uncursed leather armour; an orc corpse You butcher the orc corpse.
J - 9 chunks of flesh {@w0} (gained 4)
You see here an uncursed leather armour. x2
You swap places.
Things that are here:
a +1 glaive of freezing; an uncursed plate armour; an orc corpse You butcher the orc corpse.
J - 12 chunks of flesh {@w0} (gained 3)
Things that are here:
a +1 glaive of freezing; an uncursed plate armour
Things that are here:
a +1 glaive of freezing; an uncursed plate armour Some of the chunks of flesh in your inventory have rotted away.
You see here a +0 hand axe.
A yak and an acid dragon come into view.
There are monsters nearby!
You hit the acid dragon.
The acid dragon is poisoned.
The acid dragon is lightly wounded.
The acid dragon misses you.
The acid dragon completely misses you. 2 yaks come into view.
You bite the acid dragon!
The acid dragon looks as sick as possible!
The acid dragon is severely wounded.
Your adder bites the acid dragon but does no damage. x2
The yak gores you.
The acid dragon barely misses your adder.
The acid dragon closely misses your adder.
A yak comes into view.
You catch the helpless acid dragon completely off-guard!
You hit the acid dragon.
You kill the acid dragon!
Your adder bites the yak.
The yak misses you.
Your adder bites the yak.
You hit the yak but do no damage.
The yak is poisoned.
The yak is lightly wounded.
Your adder bites the yak but does no damage.
The yak closely misses your adder.
Your adder bites the yak.
Your adder bites the yak but does no damage.
A yak comes into view.
You hit the yak but do no damage.
The yak looks as sick as possible!
The yak is moderately wounded.
The yak gores you.
Your adder bites the yak.
The yak looks as sick as possible!
Your adder poisons the yak!
Your adder barely misses the yak.
You catch the helpless yak completely off-guard!
You bite the yak!
The yak is heavily wounded.
Your adder bites the yak but does no damage. x2
The yak barely misses your adder.
You catch the helpless yak completely off-guard!
You bite the yak!
You kill the yak!
Your adder withers and dies!
The yak closely misses your adder. The yak misses your adder.
You swap places.
The yak gores your adder!
Your adder dies!
The yak gores you but does no damage.
You barely miss the yak. The yak misses you. x2
The yak gores you but does no damage.
You hit the yak.
The yak is lightly wounded.
The yak completely misses you. x3; The yak closely misses you.
You hit the yak.
The yak is lightly wounded.
The yak completely misses you. The yak gores you! The yak misses you.
You bite the yak!
The yak looks as sick as possible!
The yak is severely wounded.
The yak closely misses you. The yak completely misses you.
You bite the yak!
The yak looks as sick as possible!
The yak is almost dead.
The yak completely misses you. x3; The yak barely misses you.
You hit the yak.
You kill the yak!
The yak gores you! The yak misses you. The yak completely misses you.
Casting: Sticks to Snakes
Confirm with . or Enter, or press ? or * to list all spells.
You miscast Sticks to Snakes.
You are very lightly contaminated with residual magic.
Waves of light ripple over your body. The yak gores you!!
The yak completely misses you. The yak gores you!
You bite the yak!
The yak is poisoned.
The yak is lightly wounded.
The yak closely misses you. The yak gores you!
* * * LOW HITPOINT WARNING * * *
The yak completely misses you.
Casting: Sticks to Snakes
Confirm with . or Enter, or press ? or * to list all spells.
You create 2 snakes!
You now have 148 arrows.
The yak completely misses you. The yak gores you!
* * * LOW HITPOINT WARNING * * *
The yak gores you!
You die...

, , , , *
#............. , *
*##............., ,
,.............. ,
,............. , * *
#.........#* * * ,
#.........# ,
#..†YY....##* *,
#..SsY...... ,
#..S.†......
#######...........,
#...................#
* *
#...................#
,
#...................#
,
#..........)######..#*
, #.........).# ...
,.., #.........[)# *
.# * #..*


You could see 3 yaks, a friendly adder and a friendly ball python.

Vanquished Creatures
  Erica (D:8)
  3 two-headed ogres
  Psyche (D:8)
  A troll (D:10)
  Grinder (D:5)
  A hippogriff (D:7)
  2 yaks (D:10)
  A hungry ghost (D:10)
  An acid dragon (D:10)
  3 sky beasts
  3 orc warriors
  3 ice beasts
  5 ogres
  3 phantoms
  A necrophage (D:6)
  3 centaurs
  3 big kobolds
  7 bullfrogs
  A gnoll sergeant (D:9)
  3 water moccasin zombies (Ossuary)
  2 scorpions
  6 howler monkeys
  3 crimson imps
  A bullfrog zombie (D:6)
  A centaur zombie (D:6)
  4 hounds
  3 jellies
  A centaur skeleton (D:9)
  A gnoll shaman (D:5)
  9 orc priests
  2 bullfrog skeletons
  Ijyb (D:5)
  10 orc wizards
  Natasha (twice) (D:4)
  3 worker ants
  3 iguanas
  A killer bee zombie (D:6)
  2 big kobold zombies (Ossuary)
  3 hound zombies
  A hound skeleton (D:6)
  2 mummies (Ossuary)
  9 gnolls
  17 adders
  2 river rats
  5 shadow imps
  4 oozes
  11 adder zombies (Ossuary)
  An adder skeleton (D:4)
  11 worms
  2 leopard geckos
  33 orcs
  7 ball pythons
  2 bats (D:1)
  5 giant cockroaches
  2 gnoll zombies (Ossuary)
  8 goblins
  11 hobgoblins
  13 jackals
  13 kobolds
  6 quokkas
  A ball python skeleton (D:6)
  9 frilled lizards
  2 giant cockroach zombies (D:6)
  7 hobgoblin zombies (Ossuary)
  A jackal skeleton (D:7)
  5 kobold zombies (Ossuary)
  4 orc zombies (Ossuary)
  A quokka skeleton (D:5)
  7 rats
307 creatures vanquished.

Vanquished Creatures (collateral kills)
  A big kobold (Sewer)
  An iguana (D:7)
  6 adders
  A river rat (D:3)
  3 orcs
  A kobold (D:2)
13 creatures vanquished.

Grand Total: 320 creatures vanquished

Notes
Turn   | Place    | Note
-------+----------+-------------------------------------------
     0 | D:1      | Mgcat the Gnoll Transmuter began the quest for the Orb.
     0 | D:1      | Reached XP level 1. HP: 17/17 MP: 6/6
   198 | D:1      | Reached XP level 2. HP: 17/23 MP: 7/7
   648 | D:2      | Reached XP level 3. HP: 21/28 MP: 7/9
   675 | D:2      | Learned a level 2 spell: Sticks to Snakes
   679 | D:2      | Learned a level 3 spell: Spider Form
   704 | D:2      | Reached skill level 5 in Spellcasting
   760 | D:2      | Reached skill level 1 in Invocations
   766 | D:2      | HP: 7/28 [poisoned by an adder]
   774 | D:2      | HP: 5/28 [poisoned by an adder]
   779 | D:2      | HP: 5/28 [poisoned by an adder]
   785 | D:2      | HP: 4/28 [poisoned by an adder]
   791 | D:2      | HP: 3/28 [poisoned by an adder]
   797 | D:2      | HP: 3/28 [poisoned by an adder]
  1225 | D:2      | Found a deep blue altar of Sif Muna.
  1235 | D:2      | Reached skill level 1 in Short Blades
  1235 | D:2      | Reached skill level 1 in Long Blades
  1235 | D:2      | Reached skill level 1 in Axes
  1235 | D:2      | Reached skill level 1 in Maces & Flails
  1235 | D:2      | Reached skill level 1 in Polearms
  1235 | D:2      | Reached skill level 1 in Staves
  1235 | D:2      | Reached skill level 1 in Slings
  1235 | D:2      | Reached skill level 1 in Bows
  1235 | D:2      | Reached skill level 1 in Crossbows
  1235 | D:2      | Reached skill level 1 in Throwing
  1235 | D:2      | Reached skill level 1 in Armour
  1235 | D:2      | Reached skill level 1 in Stealth
  1235 | D:2      | Reached skill level 1 in Shields
  1235 | D:2      | Reached skill level 1 in Evocations
  1235 | D:2      | Reached XP level 4. HP: 29/34 MP: 6/11
  1793 | D:2      | Learned a level 4 spell: Ice Form
  1925 | D:3      | Found a white marble altar of Elyvilon.
  1952 | D:3      | Reached skill level 1 in Conjurations
  1952 | D:3      | Reached skill level 1 in Hexes
  1952 | D:3      | Reached skill level 1 in Charms
  1952 | D:3      | Reached skill level 1 in Summonings
  1952 | D:3      | Reached skill level 1 in Necromancy
  1952 | D:3      | Reached skill level 1 in Translocations
  1952 | D:3      | Reached skill level 1 in Fire Magic
  1952 | D:3      | Reached skill level 1 in Ice Magic
  1952 | D:3      | Reached skill level 1 in Air Magic
  1952 | D:3      | Reached skill level 1 in Earth Magic
  1952 | D:3      | Reached skill level 1 in Poison Magic
  2055 | D:3      | Reached XP level 5. HP: 36/40 MP: 10/12
  2154 | D:3      | Found a glowing drain.
  2166 | Sewer    | Entered a sewer
  2231 | Sewer    | Noticed a big kobold
  2263 | Sewer    | Killed a big kobold
  2263 | Sewer    | Reached skill level 3 in Fighting
  2263 | Sewer    | Reached skill level 4 in Transmutations
  2340 | Sewer    | Reached XP level 6. HP: 44/47 MP: 9/13
  2384 | Sewer    | Reached skill level 2 in Invocations
  2726 | Sewer    | Reached skill level 2 in Short Blades
  2726 | Sewer    | Reached skill level 2 in Long Blades
  2726 | Sewer    | Reached skill level 2 in Axes
  2726 | Sewer    | Reached skill level 2 in Maces & Flails
  2726 | Sewer    | Reached skill level 2 in Polearms
  2726 | Sewer    | Reached skill level 2 in Staves
  2726 | Sewer    | Reached skill level 2 in Slings
  2726 | Sewer    | Reached skill level 2 in Bows
  2726 | Sewer    | Reached skill level 2 in Crossbows
  2726 | Sewer    | Reached skill level 2 in Throwing
  2726 | Sewer    | Reached skill level 2 in Armour
  2726 | Sewer    | Reached skill level 5 in Dodging
  2726 | Sewer    | Reached skill level 2 in Stealth
  2726 | Sewer    | Reached skill level 2 in Shields
  2726 | Sewer    | Reached skill level 2 in Evocations
  3322 | D:3      | Noticed a phantom
  3360 | D:3      | Killed a phantom
  3360 | D:3      | Reached skill level 7 in Unarmed Combat
  3360 | D:3      | Reached XP level 7. HP: 43/52 MP: 11/15
  3540 | D:4      | Learned a level 5 spell: Blade Hands
  3584 | D:4      | Reached skill level 2 in Conjurations
  3584 | D:4      | Reached skill level 2 in Hexes
  3584 | D:4      | Reached skill level 2 in Charms
  3584 | D:4      | Reached skill level 2 in Summonings
  3584 | D:4      | Reached skill level 2 in Necromancy
  3584 | D:4      | Reached skill level 2 in Translocations
  3584 | D:4      | Reached skill level 2 in Fire Magic
  3584 | D:4      | Reached skill level 2 in Ice Magic
  3584 | D:4      | Reached skill level 2 in Air Magic
  3584 | D:4      | Reached skill level 2 in Earth Magic
  3584 | D:4      | Reached skill level 2 in Poison Magic
  3634 | D:4      | Found a staircase to the Ecumenical Temple.
  3657 | Temple   | Entered the Ecumenical Temple
  3713 | Temple   | Became a worshipper of Ashenzari the Shackled
  3753 | D:4      | Noticed Natasha
  3767 | D:4      | Killed Natasha
  4014 | D:4      | Reached skill level 3 in Invocations
  4076 | D:4      | Noticed Natasha
  4090 | D:4      | Killed Natasha
  4226 | D:5      | Entered Level 5 of the Dungeon
  4226 | D:5      | Noticed Grinder
  4240 | D:5      | Killed Grinder
  4240 | D:5      | Reached skill level 4 in Fighting
  4240 | D:5      | Reached skill level 3 in Short Blades
  4240 | D:5      | Reached skill level 3 in Long Blades
  4240 | D:5      | Reached skill level 3 in Axes
  4240 | D:5      | Reached skill level 3 in Maces & Flails
  4240 | D:5      | Reached skill level 3 in Polearms
  4240 | D:5      | Reached skill level 3 in Staves
  4240 | D:5      | Reached skill level 3 in Slings
  4240 | D:5      | Reached skill level 3 in Bows
  4240 | D:5      | Reached skill level 3 in Crossbows
  4240 | D:5      | Reached skill level 3 in Throwing
  4240 | D:5      | Reached skill level 3 in Armour
  4240 | D:5      | Reached skill level 3 in Stealth
  4240 | D:5      | Reached skill level 3 in Shields
  4240 | D:5      | Reached skill level 3 in Evocations
  4240 | D:5      | Reached XP level 8. HP: 59/60 MP: 13/16
  4313 | D:5      | Reached skill level 6 in Spellcasting
  4405 | D:5      | Found Veuhiet's Book Shop.
  4468 | D:5      | Noticed Ijyb
  4488 | D:5      | Killed Ijyb
  4750 | D:5      | Reached skill level 4 in Invocations
  4780 | D:5      | Reached skill level 3 in Conjurations
  4780 | D:5      | Reached skill level 3 in Hexes
  4780 | D:5      | Reached skill level 3 in Charms
  4780 | D:5      | Reached skill level 3 in Summonings
  4780 | D:5      | Reached skill level 3 in Necromancy
  4780 | D:5      | Reached skill level 3 in Translocations
  4780 | D:5      | Reached skill level 3 in Fire Magic
  4780 | D:5      | Reached skill level 3 in Ice Magic
  4780 | D:5      | Reached skill level 3 in Air Magic
  4780 | D:5      | Reached skill level 3 in Earth Magic
  4780 | D:5      | Reached skill level 3 in Poison Magic
  4839 | D:5      | Reached skill level 6 in Dodging
  4839 | D:5      | Reached XP level 9. HP: 52/66 MP: 16/18
  4853 | D:5      | Reached skill level 5 in Transmutations
  5168 | D:6      | Found a sand-covered staircase.
  5188 | Ossuary  | Entered an ossuary
  5304 | Ossuary  | Reached skill level 4 in Short Blades
  5304 | Ossuary  | Reached skill level 4 in Long Blades
  5304 | Ossuary  | Reached skill level 4 in Axes
  5304 | Ossuary  | Reached skill level 4 in Maces & Flails
  5304 | Ossuary  | Reached skill level 4 in Polearms
  5304 | Ossuary  | Reached skill level 4 in Staves
  5304 | Ossuary  | Reached skill level 4 in Slings
  5304 | Ossuary  | Reached skill level 4 in Bows
  5304 | Ossuary  | Reached skill level 4 in Crossbows
  5304 | Ossuary  | Reached skill level 4 in Throwing
  5304 | Ossuary  | Reached skill level 4 in Armour
  5304 | Ossuary  | Reached skill level 4 in Stealth
  5304 | Ossuary  | Reached skill level 4 in Shields
  5304 | Ossuary  | Reached skill level 4 in Evocations
  5390 | Ossuary  | Reached * piety under Ashenzari
  5572 | D:6      | Reached skill level 5 in Fighting
  5919 | D:6      | Reached skill level 8 in Unarmed Combat
  6349 | D:7      | Reached skill level 5 in Invocations
  6599 | D:7      | Reached XP level 10. HP: 65/73 MP: 18/20
  6748 | D:7      | Reached skill level 7 in Spellcasting
  7012 | D:8      | Reached ** piety under Ashenzari
  7234 | D:8      | Reached skill level 4 in Conjurations
  7234 | D:8      | Reached skill level 4 in Hexes
  7234 | D:8      | Reached skill level 4 in Charms
  7234 | D:8      | Reached skill level 4 in Summonings
  7234 | D:8      | Reached skill level 4 in Necromancy
  7234 | D:8      | Reached skill level 4 in Translocations
  7234 | D:8      | Reached skill level 4 in Fire Magic
  7234 | D:8      | Reached skill level 4 in Ice Magic
  7234 | D:8      | Reached skill level 4 in Air Magic
  7234 | D:8      | Reached skill level 4 in Earth Magic
  7234 | D:8      | Reached skill level 4 in Poison Magic
  7261 | D:8      | Noticed a two-headed ogre
  7272 | D:8      | Killed a two-headed ogre
  7272 | D:8      | Reached skill level 5 in Short Blades
  7272 | D:8      | Reached skill level 5 in Long Blades
  7272 | D:8      | Reached skill level 5 in Axes
  7272 | D:8      | Reached skill level 5 in Maces & Flails
  7272 | D:8      | Reached skill level 5 in Polearms
  7272 | D:8      | Reached skill level 5 in Staves
  7272 | D:8      | Reached skill level 5 in Slings
  7272 | D:8      | Reached skill level 5 in Bows
  7272 | D:8      | Reached skill level 5 in Crossbows
  7272 | D:8      | Reached skill level 5 in Throwing
  7272 | D:8      | Reached skill level 5 in Armour
  7272 | D:8      | Reached skill level 5 in Stealth
  7272 | D:8      | Reached skill level 5 in Shields
  7272 | D:8      | Reached skill level 5 in Evocations
  7276 | D:8      | Noticed Erica
  7289 | D:8      | Killed Erica
  7289 | D:8      | Reached skill level 7 in Dodging
  7290 | D:8      | Noticed Psyche
  7301 | D:8      | Killed Psyche
  7301 | D:8      | Reached skill level 6 in Fighting
  7623 | D:8      | Reached skill level 6 in Transmutations
  7623 | D:8      | Reached skill level 6 in Invocations
  7848 | D:8      | HP: 16/75 [orc warrior/trident (13)]
  8649 | D:9      | Reached *** piety under Ashenzari
  8707 | D:10     | Entered Level 10 of the Dungeon
  8709 | D:10     | Noticed a two-headed ogre
  8734 | D:10     | HP: 17/75 [two-headed ogre/giant club (33)]
  8736 | D:10     | Killed a two-headed ogre
  8736 | D:10     | Reached XP level 11. HP: 20/82 MP: 16/22
  8871 | D:10     | Noticed a two-headed ogre
  8887 | D:10     | HP: 12/83 [two-headed ogre/giant club (16)]
  8894 | D:10     | Killed a two-headed ogre
  8894 | D:10     | Reached skill level 6 in Short Blades
  8894 | D:10     | Reached skill level 6 in Long Blades
  8894 | D:10     | Reached skill level 6 in Axes
  8894 | D:10     | Reached skill level 6 in Maces & Flails
  8894 | D:10     | Reached skill level 6 in Polearms
  8894 | D:10     | Reached skill level 6 in Staves
  8894 | D:10     | Reached skill level 6 in Slings
  8894 | D:10     | Reached skill level 6 in Bows
  8894 | D:10     | Reached skill level 6 in Crossbows
  8894 | D:10     | Reached skill level 6 in Throwing
  8894 | D:10     | Reached skill level 6 in Armour
  8894 | D:10     | Reached skill level 6 in Stealth
  8894 | D:10     | Reached skill level 6 in Shields
  8894 | D:10     | Reached skill level 9 in Unarmed Combat
  8894 | D:10     | Reached skill level 5 in Conjurations
  8894 | D:10     | Reached skill level 5 in Hexes
  8894 | D:10     | Reached skill level 5 in Charms
  8894 | D:10     | Reached skill level 5 in Summonings
  8894 | D:10     | Reached skill level 5 in Necromancy
  8894 | D:10     | Reached skill level 5 in Translocations
  8894 | D:10     | Reached skill level 5 in Fire Magic
  8894 | D:10     | Reached skill level 5 in Ice Magic
  8894 | D:10     | Reached skill level 5 in Air Magic
  8894 | D:10     | Reached skill level 5 in Earth Magic
  8894 | D:10     | Reached skill level 5 in Poison Magic
  8894 | D:10     | Reached skill level 6 in Evocations
  9063 | D:10     | HP: 20/83 [poisoned by an orc]
  9068 | D:10     | HP: 15/83 [poisoned by an orc]
  9073 | D:10     | HP: 12/83 [poisoned by an orc]
  9078 | D:10     | HP: 11/83 [poisoned by an orc]
  9083 | D:10     | HP: 11/83 [poisoned by an orc]
  9088 | D:10     | HP: 12/83 [poisoned by an orc]
  9095 | D:10     | HP: 15/83 [poisoned by an orc]
  9103 | D:10     | HP: 18/83 [poisoned by an orc]
  9237 | D:10     | Reached skill level 8 in Spellcasting
  9300 | D:10     | HP: 11/83 [yak (11)]
  9300 | D:10     | Slain by a yak

Skill      XL: |  1  2  3  4  5  6  7  8  9 10 11 |
---------------+----------------------------------+-----
Spellcasting   | 5 6 7 8 |  8.0
Invocations    | 1 2 3 4 5 6 |  6.7
Short Blades   | 1 2 3 4 5 6 |  6.1
Long Blades    | 1 2 3 4 5 6 |  6.1
Axes           | 1 2 3 4 5 6 |  6.1
Maces & Flails | 1 2 3 4 5 6 |  6.1
Polearms       | 1 2 3 4 5 6 |  6.1
Staves         | 1 2 3 4 5 6 |  6.1
Slings         | 1 2 3 4 5 6 |  6.1
Bows           | 1 2 3 4 5 6 |  6.1
Crossbows      | 1 2 3 4 5 6 |  6.1
Throwing       | 1 2 3 4 5 6 |  6.1
Armour         | 1 2 3 4 5 6 |  6.1
Stealth        | 1 2 3 4 5 6 |  6.1
Shields        | 1 2 3 4 5 6 |  6.1
Evocations     | 1 2 3 4 5 6 |  6.1
Conjurations   | 1 2 3 4 5 |  5.1
Hexes          | 1 2 3 4 5 |  5.1
Charms         | 1 2 3 4 5 |  5.1
Summonings     | 1 2 3 4 5 |  5.1
Necromancy     | 1 2 3 4 5 |  5.1
Translocations | 1 2 3 4 5 |  5.1
Fire Magic     | 1 2 3 4 5 |  5.1
Ice Magic      | 1 2 3 4 5 |  5.1
Air Magic      | 1 2 3 4 5 |  5.1
Earth Magic    | 1 2 3 4 5 |  5.1
Poison Magic   | 1 2 3 4 5 |  5.1
Fighting       | 3 4 5 6 |  6.7
Transmutations | 4 5 6 |  6.4
Dodging        | 5 6 7 |  7.7
Unarmed Combat | 7 8 9 |  9.1

Action                   |  1- 3 |  4- 6 |  7- 9 | 10-12 || total
-------------------------+-------+-------+-------+-------++-------
Melee: Unarmed           |    88 |    31 |   407 |   250 ||   776
       Dagger            |     6 |   312 |   135 |    30 ||   483
       Bite              |     6 |    29 |    14 |     4 ||    53
       Kick              |     8 |     3 |       |       ||    11
       Punch             |     1 |     8 |     5 |       ||    14
       Headbutt          |     3 |       |       |       ||     3
 Cast: Beastly Appendage |    12 |     1 |       |       ||    13
       Sticks to Snakes  |     1 |    11 |     2 |     6 ||    20
       Spider Form       |       |     2 |    35 |    26 ||    63
Invok: Curse Item        |       |       |     2 |     2 ||     4
  Use: Potion            |     1 |       |     1 |     2 ||     4
       Scroll            |       |       |    12 |     2 ||    14
 Stab: Sleeping          |       |     3 |     9 |     3 ||    15
       Distracted        |       |     1 |     2 |     7 ||    10
  Eat: Chunk             |       |     7 |    12 |    11 ||    30
       Ration            |       |     2 |       |       ||     2
Armor: Robe              |     6 |    26 |    14 |     2 ||    48
       Skin              |       |       |    10 |     7 ||    17
Dodge: Dodged            |    42 |   223 |   495 |   285 ||  1045
Block: Shield            |       |       |     2 |    16 ||    18

Vault maps used:
D:1:      minmay_arrival_four_circles, st_stairs_11, item_on_display_a
D:2:      old_standard_altar
D:3:      lightli_sewer_entry_pipes, grunt_decor_resistance, elyvilon_altar_1
D:4:      wad_pebble_path, minmay_temple_entry_large_hall, first_ration,
          uniq_natasha
D:5:      serial_shops, shop, uniq_ijyb, uniq_grinder
D:6:      nicolae_ossuary_entry_false_entrances
D:8:      uniq_psyche, uniq_erica
D:10:     basic_altar
Temple:   compressed_dpeg_triangle_lava_temple
Sewer:    sewer_co_tree
Ossuary:  ossuary_tomb_2

Table legend:
 A = Turns spent in this place as a percentage of turns spent in the entire game.
 B = Non-inter-level travel turns spent in this place as a percentage of non-inter-level travel turns spent in the entire game.
 C = Inter-level travel turns spent in this place as a percentage of turns spent in this place.
 D = Turns resting spent in this place as a percentage of non-inter-level travel turns spent in this place.
 E = Turns spent auto-exploring this place as a percentage of non-inter-level travel turns spent in this place.
 F = Non-inter-level travel turns spent in this place divided by the number of levels of this place that you've seen.
                   A       B       C       D       E      F
               +-------+-------+-------+-------+-------+----------------------
         Total | 100.0 | 100.0 |   3.0 |   0.4 |  67.9 | 694.1
       Dungeon |  87.1 |  86.7 |   3.4 |   0.5 |  71.4 | 781.9
        Temple |   0.8 |   0.8 |   0.0 |   0.0 |   0.0 |  72.0
         Sewer |   9.5 |   9.8 |   0.0 |   0.0 |  59.0 | 883.0
       Ossuary |   2.7 |   2.8 |   0.0 |   0.0 |  10.4 | 249.0
               +-------+-------+-------+-------+-------+----------------------

Table legend:
 A = Kills in this place as a percentage of kills in entire the game.
 B = Kills by you in this place as a percentage of kills by you in the entire game.
 C = Kills by friends in this place as a percentage of kills by friends in the entire game.
 D = Other kills in this place as a percentage of other kills in the entire game.
 E = Experience gained in this place as a percentage of experience gained in the entire game.
 F = Experience gained in this place divided by the number of levels of this place that you have seen.
                   A       B       C       D       E      F
               +-------+-------+-------+-------+-------+----------------------
         Total | 100.0 | 100.0 | 100.0 |   N/A | 100.0 | 987.5
       Dungeon |  80.0 |  80.1 |  76.9 |   N/A |  94.0 | 1206.6
         Sewer |   8.8 |   8.1 |  23.1 |   N/A |   2.8 | 365.0
       Ossuary |  11.2 |  11.7 |   0.0 |   N/A |   3.2 | 406.0
               +-------+-------+-------+-------+-------+----------------------
